 Dungeon Crawl Stone Soup version 0.19.1 (webtiles) character file.

174 SQman the Cudgeler (level 5, -8/57 HPs)
             Began as an Ogre Berserker on Dec 5, 2016.
             Was a Follower of Trog.
             Killed by nerve-wracking pain
             ... invoked by Grinder
              (11 damage)
             ... on level 3 of the Dungeon.
             The game lasted 00:10:15 (1076 turns).

SQman the Cudgeler (Ogre Berserker)                 Turns: 1076, Time: 00:10:16

Health: -8/57      AC:  4    Str: 23    XL:     5   Next: 54%
Magic:  5/5        EV: 11    Int:  6    God:    Trog [*.....]
Gold:   143        SH:  0    Dex:  9    Spells: 0 memorised, 4 levels left

rFire  . . .     SeeInvis .     f - +0 mace
rCold  . . .     Gourm    .     b - +0 animal skin
rNeg   . . .     Faith    .     (no shield)
rPois  .         Spirit   .     (helmet restricted)
rElec  .         Reflect  .     n - +0 cloak
rCorr  .         Harm     .     (gloves unavailable)
MR     .....                    (boots unavailable)
Stlth  +.........               (no amulet)
                                (no ring)
                                (no ring)

@: no status effects
A: unfitting armour, tough skin 1
a: Berserk, Burn Spellbooks, Renounce Religion


You were on level 3 of the Dungeon.
You worshipped Trog.
Trog was aware of your devotion.
You were not hungry.

You visited 1 branch of the dungeon, and saw 3 of its levels.

You collected 143 gold pieces.

Inventory:

Hand Weapons
 a - a +0 mace
 f - a +0 mace (weapon)
 g - a +0 mace
 i - a +0 mace
Missiles
 d - 103 stones (quivered)
Armour
 b - a +0 animal skin (worn)
 e - a +0 ring mail
 l - a +0 robe
 n - a +0 cloak (worn)
Scrolls
 m - a scroll of remove curse
Potions
 h - a potion of flight
 j - a potion of lignification
Comestibles
 c - a bread ration
 k - 5 chunks of flesh
 o - a meat ration
 p - a beef jerky


   Skills:
 + Level 5.0 Fighting
 + Level 6.3 Maces & Flails
 + Level 3.4 Dodging
 + Level 0.7 Stealth


You had 4 spell levels left.
You didn't know any spells.

Dungeon Overview and Level Annotations

Branches:
Dungeon (3/15)

Altars:

Annotations:
D:3 Grinder


Innate Abilities, Weirdness & Mutations

You are too large for most types of armour.
You have tough skin. (AC +1)


Message History

You start resting.
You feel less woody.
Your +0 cloak unmelds from your body.
Your +0 animal skin unmelds from your body.
Grinder comes into view.
Grinder shouts!
A bat comes into view.
The bat moves out of view.
Throwing (i - inventory):
d - 104 stones (quivered)
Press: ? - help, Shift-Dir - straight line, f - Grinder
Aim: Grinder You throw a stone.
The stone hits Grinder but does no damage.
Grinder gestures at you. Pain shoots through your body!
* * * LOW HITPOINT WARNING * * *
The bat barely misses you. Grinder gestures at you.
Pain shoots through your body!
You die...

....#.# .. ###
.....#.# #... ....
.....#.# ..... ....#
#.##.#.#......
.....##.##.#.#......
.........#..........
.........#.....##...
.........#.....##.
........b@.........
..............###..
...........#.## ..
...(5......#... .
..#........#.### .
#.......#...
#.......##.#
......#.# .#


You could see Grinder and a bat.

Vanquished Creatures
  The ghost of SQman the Skirmisher, an amateur HuWn of Sif Muna (D:3)
  2 adders
  2 worms (D:2)
  A dart slug (D:2)
  A ball python (D:2)
  A giant cockroach (D:1)
  2 goblins
  4 hobgoblins
  3 kobolds
  A bat (D:2)
  A frilled lizard (D:1)
  3 rats
22 creatures vanquished.

Notes
Turn   | Place    | Note
-------+----------+-------------------------------------------
     0 | D:1      | SQman the Ogre Berserker began the quest for the Orb.
     0 | D:1      | Reached XP level 1. HP: 24/24 MP: 1/1
   271 | D:1      | Reached XP level 2. HP: 32/32 MP: 2/2
   904 | D:2      | Reached XP level 3. HP: 36/40 MP: 3/3
  1020 | D:3      | Reached skill level 5 in Maces & Flails
  1027 | D:3      | Noticed SQman's ghost (amateur HuWn)
  1062 | D:3      | Killed SQman's ghost
  1062 | D:3      | Reached skill level 5 in Fighting
  1062 | D:3      | Reached skill level 6 in Maces & Flails
  1062 | D:3      | Reached XP level 4. HP: 9/50 MP: 4/4
  1062 | D:3      | Reached XP level 5. HP: 10/57 MP: 5/5
  1072 | D:3      | Noticed Grinder
  1074 | D:3      | HP: 2/57 [Grinder/nerve-wracking pain (6)]
  1076 | D:3      | Killed from afar by Grinder

Skill      XL: |  1  2  3 |
---------------+----------+-----
Dodging        | 3 |  3.4
Maces & Flails | 6 |  6.3
Fighting       | 5 |  5.0
Stealth        | |  0.7

Action                   |  1- 3 |  4- 6 || total
-------------------------+-------+-------++-------
Melee: Mace              |    89 |       ||    89
Throw: Stone             |     3 |     1 ||     4
Invok: Berserk           |     1 |       ||     1
  Use: Scroll            |     6 |       ||     6
       Potion            |     3 |       ||     3
 Stab: Sleeping          |     1 |       ||     1
  Eat: Chunk             |     1 |     1 ||     2
Armor: Animal skin       |    21 |       ||    21
       Skin              |    15 |       ||    15
Dodge: Dodged            |    35 |     1 ||    36
